 Dungeon Crawl Stone Soup version 0.19-a0-970-g9a4211b (webtiles) character file.

26272 Eniamerus the Thaumaturge (level 13, -9/78 HPs)
             Began as a Gargoyle Earth Elementalist on July 12, 2016.
             Was an Elder of Vehumet.
             Mangled by a meliai
             ... wielding a +0 hand axe
              (10 damage)
             ... on level 4 of the Lair of Beasts on July 13, 2016.
             The game lasted 01:08:48 (23485 turns).

Eniamerus the Thaumaturge (GrEE)                   Turns: 23485, Time: 01:08:55

Health: -9/78      AC: 20    Str: 12    XL:     13   Next: 24%
Magic:  26/28      EV: 15    Int: 25    God:    Vehumet [****..]
Gold:   720        SH:  0    Dex: 12    Spells: 4 memorised, 20 levels left

rFire  . . .     SeeInvis .     y - +7 trident (drain)
rCold  . . .     Gourm    +     I - +2 robe {MR+}
rNeg   + . .     Faith    .     (no shield)
rPois  ∞         Spirit   .     u - +1 helmet
rElec  +         Dismiss  .     (no cloak)
rCorr  +         Reflect  .     r - +2 pair of gloves
SustAt .         Harm     .     g - +0 pair of boots
MR     ++...                    R - amulet of the gourmand
Stlth  ++........               o - ring of protection from magic
                                W - ring of Midnight {rCorr Int+4 Dex+2}

@: very resistant to hostile enchantments, unstealthy
A: negative energy resistance 1, electricity resistance, unbreathing,
petrification resistance, rot immunity, AC +9
a: Renounce Religion


You were on level 4 of the Lair of Beasts.
You worshipped Vehumet.
Vehumet was greatly pleased with you.
You were full.

You visited 3 branches of the dungeon, and saw 15 of its levels.
You also visited: Labyrinth.

You collected 720 gold pieces.

Inventory:

Hand Weapons
 h - a +3 flail
 s - a +1 whip of venom
 y - a +7 trident of draining (weapon)
Missiles
 b - 362 stones (quivered)
Armour
 g - a +0 pair of boots (worn)
 r - a +2 pair of gloves (worn)
 u - a +1 helmet (worn)
 I - a +2 robe of magic resistance (worn)
Magical Staves
 B - an uncursed staff of power
Jewellery
 l - an uncursed ring of see invisible
 n - an uncursed ring of positive energy
 o - a ring of protection from magic (right hand)
 t - a +3 ring of intelligence {unknown}
 J - an uncursed ring of protection from magic
 R - an amulet of the gourmand (around neck)
 V - an uncursed ring of sustain attributes
 W - the ring of Midnight (left hand) {rCorr Int+4 Dex+2}
   (You found it in a labyrinth)

   [ring of resist corrosion]

   It affects your intelligence (+4).
   It affects your dexterity (+2).
Wands
 c - a wand of acid (2/15)
 p - a wand of lightning (4/15)
 A - a wand of paralysis (14/24)
 C - a wand of acid (9/15)
 F - a wand of iceblast (1/15)
 P - a wand of iceblast (9/15)
 S - a wand of digging (14/24)
 U - a wand of disintegration (4/24)
 X - a wand of teleportation (5/9)
Scrolls
 a - a scroll of recharging
 f - a scroll of teleportation
 v - 9 scrolls of remove curse
 K - 2 scrolls of fog
 L - a scroll of immolation
 Q - a scroll of fear
Potions
 i - 2 potions of ambrosia {unknown}
 j - 2 potions of might
 k - 2 potions of invisibility
 m - a potion of mutation
 w - 3 potions of flight
 D - a potion of cure mutation
 E - a potion of resistance
 N - 2 potions of heal wounds
 O - a potion of curing
 Z - a potion of cancellation {unknown}
Books
 e - a book of Geomancy

   Spells                             Type                      Level
   a - Sandblast                      Earth                        1
   b - Passwall                       Transmutation/Earth          2
   c - Stone Arrow                    Conjuration/Earth            3
   d - Petrify                        Transmutation/Earth          4
   e - Lee's Rapid Deconstruction     Earth                        5
 G - a Fen Folio

   Spells                             Type                      Level
   a - Corpse Rot                     Necromancy                   2
   b - Stone Arrow                    Conjuration/Earth            3
   c - Leda's Liquefaction            Hexes/Earth                  4
   d - Summon Forest                  Summoning/Translocation      5
   e - Hydra Form                     Transmutation                6
   f - Summon Hydra                   Summoning                    7
 H - a book of Ice

   Spells                             Type                      Level
   a - Ice Form                       Ice/Transmutation            4
   b - Metabolic Englaciation         Hexes/Ice                    5
   c - Ozocubu's Refrigeration        Ice                          6
   d - Bolt of Cold                   Conjuration/Ice              6
   e - Freezing Cloud                 Conjuration/Ice/Air          6
   f - Simulacrum                     Ice/Necromancy               6
 M - an Akashic Record

   Spells                             Type                      Level
   a - Dispersal                      Translocation                6
   b - Malign Gateway                 Summoning/Translocation      7
   c - Disjunction                    Translocation                8
   d - Controlled Blink               Translocation                8
 Y - the Incunabulum of the Oath
   (You found it in a labyrinth)

   Spells                             Type                      Level
   a - Slow                           Hexes                        2
   b - Spectral Weapon                Hexes/Charms                 3
   c - Yara's Violent Unravelling     Hexes/Transmutation          5
   d - Discord                        Hexes                        8
Comestibles
 d - 3 bread rations
 q - 2 meat rations
 z - 10 fruits


   Skills:
 + Level 7.9 Fighting
 + Level 7.5 Maces & Flails
 + Level 7.5 Armour
 + Level 6.3 Dodging
 - Level 2.1 Stealth
 * Level 11.2 Spellcasting
 + Level 8.8 Conjurations
   Level 0.7 Transmutations
 + Level 10.7 Earth Magic


You had 20 spell levels left.
You knew the following spells:

 Your Spells              Type           Power        Failure   Level  Hunger
a - Sandblast             Erth           ######       1%          1    None
b - Stone Arrow           Conj/Erth      ######       1%          3    None
c - Lee's Rapid Deconstr  Erth           ######....   1%          5    ###....
d - Iskenderun's Battles  Conj/Chrm      #####...     5%          5    ###....


Dungeon Overview and Level Annotations

Branches:
Dungeon (10/15)            Temple (1/1) D:7            Lair (4/6) D:8
  Snake (0/4) Lair:3
  Swamp: Lair:2-4    Shoals: Lair:2-4       Orc: D:9-12

Altars:
Ashenzari
Cheibriados
Dithmenos
Elyvilon
Fedhas
Gozag
Hepliaklqana
Kikubaaqudgha
Makhleb
Nemelex Xobeh
Okawaru
Pakellas
Qazlal
Ru
Sif Muna
Trog
Uskayaw
Vehumet
Xom
Yredelemnul
Zin
The Shining One

Shops:
D:7 *

Annotations:
Lair:1 exclusion: oklob plant


Innate Abilities, Weirdness & Mutations

You are resistant to torment.
Your stone body is resilient. (AC +9)
You are immune to poison.
You resist negative energy. (rN+)
You are resistant to electric shocks. (rElec)
You can survive without breathing.
You are immune to petrification.
You are immune to rotting.


Message History

You hear an angry buzzing noise.
As you read the scroll of fear, it crumbles to dust.
You assume a fearsome visage.
The queen bee looks frightened!
The killer bee looks frightened! x2; The griffon looks frightened!
The porcupine looks frightened!
The river rat looks frightened!
The meliai barely misses you.
The meliai stings you but does no damage.
The killer bee closely misses you. The killer bee completely misses you.
The meliai hits you but does no damage. The meliai misses you.
The killer bee misses you. The meliai barely misses you. The meliai stings you!
* * * LOW HITPOINT WARNING * * *
You hear an angry buzzing noise.
Unknown command.
The killer bee stings you!
* * * LOW HITPOINT WARNING * * *
The killer bee stings you!
* * * LOW HITPOINT WARNING * * *
The killer bee stings the fungus.
The killer bee misses you. The killer bee barely misses you.
The meliai hits you with a hand axe!
You die...

........#.##
...........## ##.
###.......y..## ###...
#..%..........##......
......#P.......#......
......................
#....†yP..............
#y.....y.....#
##......y@.####
#......)y....#
#...rr........#
#...#........##
#.....#......#
#...P##.....##
#...###H...... #...
......... ..#
.........


You could see a griffon (fleeing), a meliai (berserk), a porcupine (fleeing), 4
killer bees and a river rat (fleeing).

Vanquished Creatures
  A minotaur (Lab)
  Snorg (Lair:3)
  2 hydras
  Erolcha (D:9)
  Erica (D:9)
  6 death yaks
  An oklob plant (Lair:3)
  Maurice (D:9)
  A centaur zombie (D:10)
  A black mamba (D:8)
  7 spiny frogs
  2 komodo dragons
  A two-headed ogre (D:9)
  A troll (D:10)
  19 blink frogs
  Sigmund (D:2)
  A vampire (D:9)
  A basilisk (Lair:3)
  8 yaks
  10 hungry ghosts
  4 nagas (Lair:3)
  8 porcupines
  6 water moccasins
  A sky beast (D:8)
  6 orc warriors
  6 centaurs
  A phantom (D:7)
  3 ogres
  5 wolves (Lair:2)
  10 crocodiles
  10 giant frogs
  A gnoll sergeant (D:5)
  An earth elemental (Lab)
  2 water moccasin skeletons
  A scorpion (D:9)
  6 killer bees
  6 howler monkeys
  2 crimson imps
  A giant frog zombie (D:6)
  2 hounds
  A jelly (D:7)
  A giant frog skeleton (D:8)
  6 orc priests
  6 orc wizards
  Ijyb (D:3)
  A centaur skeleton (D:7)
  A gnoll shaman (D:4)
  Terence (D:2)
  8 iguanas
  6 worker ants
  2 hound skeletons
  2 worker ant zombies
  14 gnolls
  A howler monkey skeleton (D:5)
  10 adders
  9 river rats (Lair:1)
  2 shadow imps
  2 adder zombies
  An adder skeleton (D:5)
  4 worms
  7 giant geckos
  41 orcs
  9 bats
  12 giant cockroaches
  5 goblins
  8 hobgoblins
  3 jackals (D:5)
  9 kobolds
  4 quokkas
  2 ball pythons (D:3)
  A giant gecko skeleton (D:6)
  2 giant newts
  A jackal skeleton (D:4)
  2 quokka skeletons
  7 rats
341 creatures vanquished.

Vanquished Creatures (others)
  A fire dragon (D:2)
  The ghost of xeno23 the Gusty, a novice TeAE (D:4)
  An ogre (D:4)
  An orc wizard (D:4)
  A lightning spire (D:2)
  A jackal (D:5)
  3 bushes (D:2)
  5 fungi
  11 plants
25 creatures vanquished.

Grand Total: 366 creatures vanquished

Notes
Turn   | Place    | Note
-------+----------+-------------------------------------------
     0 | D:1      | Eniamerus the Gargoyle Earth Elementalist began the quest for the Orb.
     0 | D:1      | Reached XP level 1. HP: 10/10 MP: 3/3
   361 | D:1      | Reached XP level 2. HP: 15/15 MP: 5/5
  1359 | D:2      | Reached skill level 3 in Spellcasting
  1359 | D:2      | Reached XP level 3. HP: 4/19 MP: 3/7
  1687 | D:2      | Found a sparkling altar of Nemelex Xobeh.
  1978 | D:2      | Noticed Terence
  1991 | D:2      | Killed Terence
  1991 | D:2      | Reached XP level 4. HP: 18/24 MP: 1/9
  2132 | D:2      | Noticed Sigmund
  2140 | D:2      | Killed Sigmund
  2140 | D:2      | Reached skill level 4 in Spellcasting
  2140 | D:2      | Reached skill level 5 in Earth Magic
  2140 | D:2      | Reached XP level 5. HP: 23/28 MP: 4/12
  2140 | D:2      | Reached XP level 6. HP: 26/32 MP: 4/13
  2145 | D:2      | Learned a level 3 spell: Stone Arrow
  2151 | D:2      | Learned a level 5 spell: Lee's Rapid Deconstruction
  2275 | D:2      | Found an oddly glowing altar of Pakellas.
  2277 | D:2      | Noticed a fire dragon
  2291 | D:2      | Killed a fire dragon
  2518 | D:3      | Found a snail-covered altar of Cheibriados.
  2680 | D:3      | Reached skill level 1 in Conjurations
  2697 | D:3      | Noticed Ijyb
  2710 | D:3      | Killed Ijyb
  2713 | D:3      | Reached skill level 5 in Spellcasting
  3579 | D:4      | Reached XP level 7. HP: 35/36 MP: 1/15
  4104 | D:4      | Found a hide-covered altar of Uskayaw.
  4206 | D:4      | Found a shimmering altar of Xom.
  4406 | D:4      | Found a shadowy altar of Dithmenos.
  4407 | D:4      | Found a glowing golden altar of the Shining One.
  4407 | D:4      | Found an opulent altar of Gozag.
  4408 | D:4      | Found a burning altar of Makhleb.
  4412 | D:4      | Found an iron altar of Okawaru.
  4652 | D:4      | Noticed xeno23's ghost (novice TeAE)
  4669 | D:4      | Killed xeno23's ghost
  4669 | D:4      | Reached skill level 1 in Fighting
  4669 | D:4      | Reached skill level 6 in Spellcasting
  4938 | D:4      | Reached skill level 1 in Maces & Flails
  5145 | D:4      | Reached XP level 8. HP: 41/43 MP: 13/17
  5257 | D:4      | Reached skill level 1 in Armour
  5729 | D:5      | Entered Level 5 of the Dungeon
  6377 | D:5      | Found a stormy altar of Qazlal.
  6425 | D:5      | Found a glowing silver altar of Zin.
  8200 | D:7      | Found a staircase to the Ecumenical Temple.
  8214 | Temple   | Entered the Ecumenical Temple
  8279 | Temple   | Became a worshipper of Vehumet
  8449 | D:7      | Found Yqoro's Assorted Antiques.
  8486 | D:7      | Reached XP level 9. HP: 49/49 MP: 7/19
  9256 | D:7      | Reached skill level 7 in Spellcasting
 10190 | D:7      | Reached * piety under Vehumet
 10190 | D:7      | Offered knowledge of Magic Dart by Vehumet.
 11554 | D:8      | Found a hazy altar of Hepliaklqana.
 11554 | D:8      | Found an oddly glowing altar of Pakellas.
 11630 | D:8      | Found a staircase to the Lair.
 11692 | D:8      | Reached XP level 10. HP: 56/56 MP: 21/21
 11824 | D:9      | Reached skill level 5 in Conjurations
 11957 | D:9      | Noticed Erolcha
 11975 | D:9      | Killed Erolcha
 11975 | D:9      | Reached skill level 8 in Spellcasting
 12005 | D:9      | Reached ** piety under Vehumet
 12007 | D:9      | Offered knowledge of Searing Ray by Vehumet.
 12322 | D:9      | Noticed Erica
 12338 | D:9      | Killed Erica
 12509 | D:9      | Reached skill level 5 in Armour
 12609 | D:9      | Noticed Maurice
 12688 | D:9      | Reached skill level 5 in Fighting
 12971 | D:9      | Killed Maurice
 13122 | D:8      | You fall through a shaft for 2 floors!
 13122 | D:10     | Entered Level 10 of the Dungeon
 13402 | D:10     | Reached XP level 11. HP: 57/64 MP: 23/23
 13417 | D:10     | Reached skill level 9 in Spellcasting
 13564 | Lair:1   | Entered Level 1 of the Lair of Beasts
 13565 | Lair:1   | Upgraded the game from 0.19-a0-965-g50bf062 to 0.19-a0-970-g9a4211b
 13574 | Lair:1   | Reached skill level 5 in Maces & Flails
 14102 | Lair:1   | Noticed an oklob plant
 14321 | D:8      | Offered knowledge of Conjure Flame by Vehumet.
 15217 | Lair:1   | Reached skill level 5 in Dodging
 16487 | Lair:1   | Reached *** piety under Vehumet
 16839 | Lair:2   | Found a labyrinth entrance.
 16856 | Lab      | Entered a labyrinth
 17469 | Lab      | Offered knowledge of Force Lance by Vehumet.
 18161 | Lab      | Noticed a minotaur
 18172 | Lab      | Killed a minotaur
 18172 | Lab      | Reached skill level 10 in Spellcasting
 18172 | Lab      | Reached XP level 12. HP: 34/71 MP: 3/26
 18370 | Lab      | Got a warped bronze ring
 18410 | Lab      | Identified the ring of Midnight {rCorr Int+4 Dex+2} (You found it in a labyrinth)
 18420 | Lab      | Identified the Incunabulum of the Oath (You found it in a labyrinth)
 19030 | Lair:2   | Noticed an eight-headed hydra
 19039 | Lair:2   | Killed an eight-headed hydra
 19652 | Lair:3   | Noticed an eight-headed hydra
 19665 | Lair:3   | Killed an eight-headed hydra
 20106 | Lair:3   | Noticed a death yak
 20107 | Lair:3   | Noticed a death yak
 20122 | Lair:3   | Killed a death yak
 20646 | Lair:3   | Noticed a death yak
 20647 | Lair:3   | Noticed a death yak
 20649 | Lair:3   | Noticed a death yak
 20663 | Lair:2   | Killed a death yak
 20954 | Lair:2   | Reached skill level 10 in Earth Magic
 21782 | Lair:3   | Noticed Snorg
 21799 | Lair:3   | Killed Snorg
 22103 | Lair:3   | Reached XP level 13. HP: 77/77 MP: 19/27
 22160 | Lair:3   | Found a staircase to the Snake Pit.
 22177 | Lair:3   | Reached **** piety under Vehumet
 22178 | Lair:3   | Reached skill level 11 in Spellcasting
 22247 | Lair:3   | Offered knowledge of Iskenderun's Battlesphere by Vehumet.
 22258 | Lair:3   | Learned a level 5 spell: Iskenderun's Battlesphere
 23485 | Lair:4   | HP: 1/78 [killer bee (9)]
 23485 | Lair:4   | Mangled by a meliai

Vault maps used:
D:1:      shiori_shiawase
D:2:      lemuel_doored_altar, gammafunk_pakellas_spire_experiment,
          uniq_sigmund, uniq_terence
D:3:      lemuel_crystal_altar, uniq_iyjb
D:4:      xom_teletrap_fun, nicolae_overflow_crystal_walls, minitemple,
          first_bread, grunt_ministairs_4, minmay_misc_feat_room
D:5:      kennysheep_little_box, grunt_qazlal_clouds
D:7:      serial_shops, nicolae_shop_overgrown_old_shop
D:8:      gammafunk_temple_overflow_statue, lair_0_dummy
D:9:      uniq_maurice, uniq_erica, uniq_erolcha
Temple:   jpeg_temple_alley_garden
Lair:1:   serial_bayou_pond_a, minmay_lair_oklob_bushes
Lair:2:   lab_entry_generic, minmay_holes, lemuel_fruit_tree
Lair:3:   minmay_snake_entry_guardpost_small, minmay_stone_trees_medium,
          minivault_19, grunt_megastairs_4, uniq_snorg
Lair:4:   minmay_swamp_entry_worms, special_room, minivault_25,
          beast_lair_carwin_7
Lab:      lab_statue, labyrinth_skeletal_remains, nicolae_lab_garden,
          nicolae_lab_stuck, nicolae_lab_lava, nicolae_lab_swirl,
          nicolae_lab_blocks, nicolae_lab_checkerboard, nicolae_lab_plus

Skill      XL: |  1  2  3  4  5  6  7  8  9 10 11 12 13 |
---------------+----------------------------------------+-----
Spellcasting   | 3 4 5 6 7 8 10 11 | 11.2
Earth Magic    | 4 5 6 7 8 9 10 | 10.7
Conjurations   | 2 3 4 6 7 8 |  8.8
Fighting       | 1 2 4 5 6 7 |  7.9
Maces & Flails | 1 2 3 4 6 7 |  7.5
Armour         | 2 4 5 6 7 |  7.5
Dodging        | 2 3 4 5 6 |  6.3
Stealth        | |  2.1
Transmutations | |  0.7

Action                   |  1- 3 |  4- 6 |  7- 9 | 10-12 | 13-15 || total
-------------------------+-------+-------+-------+-------+-------++-------
Melee: Club              |     4 |       |       |       |       ||     4
       Mace              |    45 |    15 |       |       |       ||    60
       Short sword       |       |    90 |    97 |       |       ||   187
       Trident           |       |       |   327 |   508 |    25 ||   860
 Cast: Sandblast         |    25 |    33 |     2 |       |       ||    60
       Stone Arrow       |       |    10 |    76 |   209 |    36 ||   331
       Lee's Rapid Decon |       |       |     4 |     2 |     3 ||     9
       Iskenderun's Batt |       |       |       |       |     4 ||     4
Evoke: Wand              |       |       |     6 |     3 |       ||     9
  Use: Scroll            |     5 |     4 |    17 |     9 |     2 ||    37
       Potion            |     1 |       |     2 |     8 |       ||    11
 Stab: Sleeping          |     2 |     1 |     5 |     4 |       ||    12
       Distracted        |       |     1 |     2 |       |       ||     3
  Eat: Bread ration      |     1 |       |     1 |     5 |       ||     7
       Chunk             |       |     4 |    24 |    29 |     3 ||    60
       Royal jelly       |       |       |     1 |     1 |       ||     2
       Fruit             |       |       |     4 |       |       ||     4
       Beef jerky        |       |       |     1 |       |       ||     1
       Meat ration       |       |       |       |     1 |       ||     1
Armor: Robe              |    21 |    51 |   271 |   322 |    28 ||   693
Dodge: Dodged            |    61 |    82 |   353 |   461 |    50 ||  1007
